 Dungeon Crawl Stone Soup version 0.32-a0-779-g362cfcae2a (webtiles) character file.

Game seed: 18438147542869277733

4244 BigDaddyOpFi the Fighter (level 10, -4/80 HPs)
             Began as a Coglin Berserker on Mar 19, 2024.
             Was an Elder of Trog.
             Incinerated by a deep elf pyromancer (21 damage)
             ... with a pyre arrow
             ... on level 9 of the Dungeon.
             The game lasted 00:10:22 (9127 turns).

BigDaddyOpFi the Fighter (Coglin Berserker)         Turns: 9127, Time: 00:10:22

Health: -4/80      AC:  9    Str: 21    XL:     10   Next: 30%
Magic:  10/10      EV: 12    Int:  6    God:    Trog [****..]
Gold:   473        SH:  0    Dex: 15    Spells: 9/9 levels left

rFire   . . .        q - +3 war axe {Uttamveer}
rCold   . . .        g - +3 whip (elec) {Hsekiu}
rNeg    . . .        p - +0 scale mail
rPois   .            (no helmet)
rElec   .            h - +0 cloak
rCorr   .            (no gloves)
SInv    .            (no boots)
Will    .....        (amulet unavailable) Stlth
                     (ring unavailable)
HPRegen 0.33/turn    (ring unavailable)
MPRegen 0.12/turn    (no gizmo)

%: no passive effects
@: on fire, on berserk cooldown, slowed, glowing, very slow
A: off-hand wielding, slow wielding, warmup strikes, no jewellery
a: Invent Gizmo, Renounce Religion, Berserk, Trog's Hand, Brothers in Arms


You were on level 9 of the Dungeon.
You worshipped Trog.
Trog was greatly pleased with you.
You visited 1 branch of the dungeon, and saw 9 of its levels.

You collected 511 gold pieces.
You spent 38 gold pieces at shops.

Inventory:

Hand Weapons
 a - a +0 hand axe {Quintus}
 c - a +0 dagger {Gisele}
 e - a +0 trident {Januári}
 g - a +3 whip of electrocution (offhand) {Hsekiu}
 o - a +0 halberd
 q - a +3 war axe (weapon) {Uttamveer}
Missiles
 t - 4 darts of dispersal (quivered)
Armour
 h - a +0 cloak (worn)
 p - a +0 scale mail (worn)
Wands
 b - a wand of paralysis (11)
 m - a wand of roots (9)
 w - a wand of mindburst (17)
 A - a wand of digging (5)
Scrolls
 i - a scroll of revelation
 k - 3 scrolls of fear
 n - 2 scrolls of blinking
 s - 2 scrolls of teleportation
 v - 2 scrolls of fog
 x - 3 scrolls of noise
 y - a scroll of silence {unknown}
Potions
 d - 2 potions of curing
 f - a potion of heal wounds
 j - 4 potions of might {unknown}
 l - 4 potions of haste
 r - a potion of berserk rage {unknown}
 u - a potion of attraction {unknown}
 z - a potion of cancellation {unknown}


   Skills:
 + Level 8.0 Fighting
 + Level 8.0 Axes
 + Level 6.9 Armour
 + Level 7.0 Dodging


You had 9 spell levels left.
You didn't know any spells.
Your spell library was empty.

Dungeon Overview and Level Annotations

Branches:
Dungeon (9/15)             Temple (0/1) D:5            Lair (0/5) D:8
    Orc: D:9-12

Altars:
Fedhas
Gozag
Kikubaaqudgha
Qazlal
Trog
Uskayaw
Wu Jian
Xom
Zin

Shops:
D:4 (   D:7 ?   D:8 :


Innate Abilities, Weirdness & Mutations

You can wield a second weapon in your off-hand.
It takes a long time for you to wield or remove held weapons.
Your first few attacks do less damage.
You cannot equip rings or amulets.


Message History

The liquid fire burns you!
The deep elf pyromancer hits you but does no damage.
You're still recovering from your berserk rage.
You feel much better. The liquid fire burns you!
The deep elf pyromancer hits you with a +0 long sword.
You feel much better. The liquid fire burns you!
The deep elf pyromancer gestures wildly while chanting.
The deep elf pyromancer blinks!
You miss the deep elf pyromancer with your +3 whip of electrocution.
You slash the deep elf pyromancer with your +3 war axe!
The liquid fire burns you!
The deep elf pyromancer hits you with a +0 long sword.
You whack the deep elf pyromancer with your +3 whip of electrocution!
The deep elf pyromancer is heavily wounded.
You closely miss the deep elf pyromancer with your +3 war axe.
The liquid fire burns you!
* * * LOW HITPOINT WARNING * * *
The deep elf pyromancer hits you with a +0 long sword.
* * * LOW HITPOINT WARNING * * *
The deep elf pyromancer hits you with a +0 long sword.
* * * LOW HITPOINT WARNING * * *
You feel much better. The liquid fire burns you!
* * * LOW HITPOINT WARNING * * *
The deep elf pyromancer hits you but does no damage.
You feel much better. The liquid fire burns you!
The deep elf pyromancer hits you with a +0 long sword!
* * * LOW HITPOINT WARNING * * *
The deep elf pyromancer hits you with a +0 long sword.
* * * LOW HITPOINT WARNING * * *
You feel much better. The liquid fire burns you!
* * * LOW HITPOINT WARNING * * *
The deep elf pyromancer hits you but does no damage.
You fail to use your ability.
The liquid fire burns you!
You die...

.........####..............
...#.....####...##.#ß###ß##
#........##........##### #
#.##..#..ß##.............
......#..##.....##..#.... .
......###..)))........
#.......(#....
##....##....#..
#.....@...#.# .
##....e.......
#....##..###. #..... ....
....... #.... ###..!.. ....
####.## ### #.


You could see a deep elf pyromancer.

Vanquished Creatures
  The ghost of sychorax the Martial Artist, a novice OpEE (D:6)
  Grinder (D:6)
  5 yaks (D:8)
  4 water moccasins
  2 ogres
  An orc warrior (D:9)
  An ice beast (D:8)
  3 black bears
  3 centaurs
  A kobold brigand (D:7)
  A scorpion (D:6)
  3 wights (D:9)
  9 killer bees
  A howler monkey (D:6)
  4 crimson imps
  4 hounds
  3 jellies
  3 orc priests
  Jessica (D:2)
  2 iguanas
  6 orc wizards
  3 sleepcaps
  6 gnolls
  9 adders
  A shadow imp (D:7)
  3 dart slugs
  2 ribbon worms
  19 orcs
  5 ball pythons
  8 endoplasms
  A giant cockroach (D:1)
  5 goblins
  10 hobgoblins
  9 jackals
  11 kobolds
  3 quokkas
  3 bats
  2 frilled lizards (D:1)
  3 rats
162 creatures vanquished.

Notes
Turn   | Place    | Note
-------+----------+-------------------------------------------
     0 | D:1      | BigDaddyOpFi the Coglin Berserker began the quest for the
                  | Orb.
     0 | D:1      | Reached XP level 1. HP: 18/18 MP: 1/1
   217 | D:1      | Reached XP level 2. HP: 24/24 MP: 2/2
   259 | D:1      | Found a faded altar of an unknown god.
   651 | D:1      | Reached XP level 3. HP: 29/29 MP: 3/3
   899 | D:2      | Reached ** piety under Trog
   922 | D:2      | Noticed Jessica
   926 | D:2      | Killed Jessica
   927 | D:2      | Reached XP level 4. HP: 30/36 MP: 4/4
  1379 | D:3      | Reached XP level 5. HP: 33/42 MP: 5/5
  2122 | D:4      | Reached XP level 6. HP: 45/48 MP: 6/6
  2719 | D:4      | Reached *** piety under Trog
  2892 | D:4      | Found a hide-covered altar of Uskayaw.
  2979 | D:4      | Found Long's Weapon Emporium.
  2992 | D:4      | Bought a +0 war axe for 38 gold pieces
  3347 | D:4      | Found a blossoming altar of Fedhas.
  3745 | D:5      | Entered Level 5 of the Dungeon
  3755 | D:5      | Reached XP level 7. HP: 39/55 MP: 7/7
  3869 | D:5      | Found a shimmering altar of Xom.
  4158 | D:5      | Paralysed by a crimson imp for 1 turns
  4524 | D:5      | Found a staircase to the Ecumenical Temple.
  4562 | D:5      | Reached skill level 5 in Fighting
  4562 | D:5      | Reached skill level 5 in Axes
  5161 | D:6      | Found a transporter.
  5162 | D:6      | Noticed sychorax's ghost (novice OpEE)
  5178 | D:6      | Reached XP level 8. HP: 53/62 MP: 8/8
  5286 | D:6      | Found a transporter.
  5438 | D:6      | Killed sychorax's ghost
  5439 | D:6      | Reached skill level 5 in Armour
  5439 | D:6      | Reached skill level 5 in Dodging
  5718 | D:6      | Found an opulent altar of Gozag.
  5719 | D:6      | Found a glowing silver altar of Zin.
  5841 | D:6      | Noticed Grinder
  5852 | D:6      | Paralysed by Grinder for 2 turns
  5858 | D:6      | Killed Grinder
  5859 | D:6      | Reached XP level 9. HP: 69/69 MP: 9/9
  6034 | D:6      | Found a bloodstained altar of Trog.
  6197 | D:6      | Found an ancient bone altar of Kikubaaqudgha.
  6707 | D:7      | Found Daaleol's Magic Scroll Emporium.
  7437 | D:8      | Found a stormy altar of Qazlal.
  7549 | D:8      | Found Peujyig's Tremendous Tomes.
  7629 | D:8      | Reached **** piety under Trog
  7643 | D:8      | Reached XP level 10. HP: 70/79 MP: 10/10
  7775 | D:8      | Found a staircase to the Lair.
  8987 | D:9      | Found an ornate altar of the Wu Jian Council.
  9117 | D:9      | Noticed a deep elf pyromancer
  9127 | D:9      | Incinerated by a deep elf pyromancer

Illustrated notes

Levels and vault maps discovered:
D:1:      shiori_arrival_maze, layout_basic, shapermc_ecumenical_altar_venn
D:2:      layout_basic, minmay_misc_feat_columns, uniq_jessica
D:3:      layout_rooms
D:4:      layout_loops_corners, fedhas_altar_decomposition, lemuel_tele_altar,
          serial_shops, nicolae_shop_rolling_square
D:5:      layout_cave_pools, led_xom_imps, minmay_temple_entry_tees
D:6:      layout_loops_corners, grunt_temple_overflow_gold_and_silver,
          kiku_gazebo_pond_becter, mainiacjoe_overflow_surrounded_room,
          gammafunk_ghost_arena, uniq_grinder
D:7:      layout_loops_cross, serial_shops, nicolae_shop_rolled_up
D:8:      layout_basic, lemuel_crystal_altar, dpeg_oklobed_lair, enter_bailey_8,
          nicolae_shop_i_like_big_books
D:9:      layout_basic, mainiacjoe_overflow_six_doors_small,
          serial_corexii_hall, corexii_hall_statues_u, corexii_hall_statues_x,
          chequers_hall_statues_corner_a, chequers_hall_statues_y, special_room
          [special_room_orc], chequers_serial_rivers_small_3

Skill      XL: |  1  2  3  4  5  6  7  8  9 10 |
---------------+-------------------------------+-----
Armour         | 2 3 4 5 6 |  6.9
Dodging        | 2 3 4 5 6 7 |  7.0
Fighting       | 4 5 6 7 8 |  8.0
Axes           | 4 5 6 7 8 |  8.0

Action                     |  1- 3 |  4- 6 |  7- 9 | 10-12 || total
---------------------------+-------+-------+-------+-------++-------
  Melee: Trident           |    10 |       |       |       ||    10
         Hand axe          |    51 |    64 |       |       ||   115
         Whip              |    53 |   140 |   143 |    57 ||   393
         War axe           |       |    67 |   144 |    57 ||   268
 Invoke: Berserk           |       |       |     7 |     3 ||    10
    Use: Scroll            |       |     3 |    10 |       ||    13
         Potion            |       |     2 |       |     5 ||     7
   Stab: Sleeping          |     4 |     1 |       |       ||     5
         Distracted        |       |     1 |       |       ||     1
 Armour: Animal skin       |    28 |    54 |    56 |       ||   138
         Scale mail        |       |       |    50 |    65 ||   115
  Dodge: Dodged            |    34 |    52 |   111 |    49 ||   246

Table legend: (Time is in decaauts)
 A = Elapsed time spent in this place.
 B = Non-inter-level travel time spent in this place.
 C = Inter-level travel time spent in this place.
 D = Time resting spent in this place.
 E = Time spent auto-exploring this place.
 F = Levels seen in this place.
 G = Mean time per level.
                   A        B        C        D        E       F      G
               +--------+--------+--------+--------+--------+-----+--------+
         Total |   9246 |   9071 |    175 |   2465 |   5306 |   9 | 1027.3 |
       Dungeon |   9246 |   9071 |    175 |   2465 |   5306 |   9 | 1027.3 |
               +--------+--------+--------+--------+--------+-----+--------+

Top non-repeatable levels by time:
     D:4: 2271 daAuts
     D:6: 1276 daAuts
     D:7: 1059 daAuts
     D:2: 904 daAuts
     D:8: 895 daAuts
     D:9: 842 daAuts
     D:5: 831 daAuts
     D:1: 761 daAuts
     D:3: 403 daAuts
